[Event "December 19 Late 2023"]
[Site "https://www.chess.com"]
[Date "2023.12.19"]
[Round "3"]
[White "Pham, Le Thao Nguyen"]
[Black "Fernandez Hernandez, Gerardo"]
[Result "1/2-1/2"]
[Board "136"]
[TimeControl "180+1"]
[WhiteFideId "12401226"]
[BlackFideId "2207400"]
[WhiteElo "2261"]
[BlackElo "2262"]
[WhiteTeam "VIE"]
[BlackTeam "ESP"]
[WhiteClock "0:00:04"]
[BlackClock "0:00:02"]

1. d4 Nf6 2. Nf3 g6 3. Bf4 Bg7 4. e3 O-O 5. h3 d6 6. c3 c5 7. Nbd2 Be6 8. dxc5 dxc5 9. e4 Qb6 10. Qc2 Nc6 11. Be2 Rfc8 12. O-O Nd7 13. Ng5 Nce5 14. Nxe6 Qxe6 15. Be3 c4 16. f4 Nd3 17. Bxd3 cxd3 18. Qxd3 Rd8 19. Qe2 b6 20. Qf2 Rac8 21. f5 gxf5 22. exf5 Qd5 23. Nb3 Ne5 24. Bd4 Nd3 25. Qg3 Ne5 26. Rae1 f6 27. Rf4 Kh8 28. Rh4 Rg8 29. Bxe5 fxe5 30. Qf2 Bf6 31. Rhe4 Rg5 32. Nd2 Rcg8 33. g4 h5 34. Nf3 R5g7 35. Nh2 hxg4 36. hxg4 Bg5 37. Kg2 Rh7 38. Kf3 Rh3+ 39. Kg2 Rh7 40. Nf3 Bf4 41. g5 Bxg5 42. Rg4 Bf4 43. Rxg8+ Qxg8+ 44. Kf1 Rh1+ 45. Ke2 Qc4+ 46. Kd1 Qd3+ 47. Nd2 Bxd2 48. Qxd2 Qf3+ 49. Kc2 Qxf5+ 50. Kb3 Rxe1 51. Qxe1 Qf7+ 52. Ka3 Qd5 53. Qh4+ Kg7 54. Qxe7+ Kg6 55. Qxa7 Qc5+ 56. Kb3 Qd5+ 57. Ka3 Qc5+ 58. Kb3 Qd5+ 59. Kc2 Qe4+ 60. Kd2 Qg2+ 61. Kd3 Qd5+ 62. Kc2 Qe4+ 63. Kb3 Qd5+ 1/2-1/2

[Event "December 19 Late 2023"]
[Site "https://www.chess.com"]
[Date "2023.12.19"]
[Round "3"]
[White "Gumugama"]
[Black "Van Roon, Sjoerd"]
[Result "0-1"]
[Board "137"]
[TimeControl "180+1"]
[BlackFideId "1051075"]
[WhiteElo "2209"]
[BlackElo "2180"]
[BlackTeam "NED"]
[WhiteClock "0:00:00"]
[BlackClock "0:00:17"]

1. e4 c5 2. Nf3 Nc6 3. d4 cxd4 4. Nxd4 Nf6 5. Nc3 e5 6. Ndb5 d6 7. Bg5 a6 8. Na3 b5 9. Nd5 Be7 10. Bxf6 Bxf6 11. c3 Rb8 12. Nc2 Bg5 13. Be2 O-O 14. O-O Be6 15. Nce3 Bxe3 16. Nxe3 Ne7 17. Bg4 Qd7 18. Bxe6 Qxe6 19. Qb3 Qg6 20. Rfd1 Rfd8 21. Nd5 Nxd5 22. Qxd5 Qe6 23. f3 Kf8 24. Rd2 Qxd5 25. Rxd5 Ke7 26. Kf2 Rbc8 27. Rc1 Rc6 28. Ke3 b4 29. c4 Rdc8 30. b3 Rc5 31. Rxc5 Rxc5 32. Rd1 Ra5 33. Rd2 Ra3 34. Kd3 a5 35. c5 dxc5 36. Kc4 a4 37. bxa4 Rc3+ 38. Kb5 g6 39. a5 f5 40. a6 fxe4 41. fxe4 Ra3 42. Kb6 c4 43. Kb7 c3 44. Rc2 b3 45. axb3 Rxb3+ 46. Kc6 Ra3 47. Kb5 Kd6 48. Kb6 Rb3+ 49. Ka5 Kc5 50. Ka4 Rb4+ 51. Ka3 Kb5 52. Rxc3 Rxe4 53. Rc7 Kxa6 54. Rxh7 Re2 55. Re7 Kb5 56. Re6 g5 57. Kb3 Kc5 58. Kc3 Kd5 59. Rg6 Rxg2 60. h4 Rg3+ 61. Kd2 gxh4 62. Rh6 Rg4 63. Ke3 Ra4 64. Rh8 h3 65. Ke2 Ra3 66. Rh7 Kd4 0-1

[Event "December 19 Late 2023"]
[Site "https://www.chess.com"]
[Date "2023.12.19"]
[Round "3"]
[White "Demina, Marya"]
[Black "Grindaveci"]
[Result "1-0"]
[Board "138"]
[TimeControl "180+1"]
[WhiteFideId "4195671"]
[WhiteElo "1978"]
[BlackElo "2440"]
[WhiteTeam "RUS"]
[WhiteClock "0:00:24"]
[BlackClock "0:01:29"]

1. d4 d5 2. c4 e6 3. Nc3 Nf6 4. Nf3 c6 5. e3 Nbd7 6. Bd3 dxc4 7. Bxc4 b5 8. Bd3 Bd6 9. e4 e5 10. Bg5 h6 11. Bh4 exd4 12. Nxd4 Ne5 13. Bc2 O-O 14. O-O a6 15. f4 Neg4 16. Bxf6 Qxf6 17. e5 Qh4 18. h3 Ne3 19. Qd3 Nxf1 20. Qh7# 1-0

[Event "December 19 Late 2023"]
[Site "https://www.chess.com"]
[Date "2023.12.19"]
[Round "3"]
[White "Feliz Dotel, Dewar Bienvenido"]
[Black "Serra Canals, Oriol"]
[Result "1/2-1/2"]
[Board "139"]
[TimeControl "180+1"]
[WhiteFideId "6402801"]
[BlackFideId "22276084"]
[WhiteElo "2069"]
[BlackElo "2108"]
[WhiteTeam "DOM"]
[BlackTeam "ESP"]
[WhiteClock "0:00:04"]
[BlackClock "0:00:05"]

1. Nf3 e6 2. c4 d5 3. g3 Nf6 4. Bg2 Be7 5. O-O O-O 6. d4 dxc4 7. Ne5 Nc6 8. Nxc6 bxc6 9. Qa4 Rb8 10. Qxc6 Bb7 11. Qxc4 Bxg2 12. Kxg2 Rb4 13. Qc3 Rxd4 14. Be3 Qd5+ 15. Kg1 Rc4 16. Qb3 c5 17. Nc3 Rxc3 18. Qxc3 Ng4 19. Rfd1 Qh5 20. h4 Bxh4 21. Kg2 Bf6 22. Rh1 Qxh1+ 23. Rxh1 Bxc3 24. bxc3 Nxe3+ 25. fxe3 Rd8 26. Rb1 g6 27. Rb7 Rd2 28. Rxa7 Rxe2+ 29. Kf3 Rc2 30. a4 Rxc3 31. a5 Ra3 32. a6 c4 33. Ra8+ Kg7 34. Ke4 c3 35. Kd3 c2+ 36. Kxc2 Rxe3 37. Kb2 Re5 38. a7 Ra5 39. Kc3 Kf6 40. Kb4 Ra1 41. Kb5 Kf5 42. Kb6 e5 43. Rf8 f6 44. a8=Q Rxa8 45. Rxa8 Kg4 46. Kc5 Kxg3 47. Ra7 h5 48. Rg7 g5 49. Kd5 h4 50. Rg6 h3 51. Rxf6 h2 52. Rh6 g4 53. Kxe5 Kg2 54. Kf4 g3 55. Rh4 Kf2 56. Rh3 Kg2 57. Rh4 h1=R 58. Rxh1 Kxh1 59. Kxg3 1/2-1/2

[Event "December 19 Late 2023"]
[Site "https://www.chess.com"]
[Date "2023.12.19"]
[Round "3"]
[White "Bhandari, Krish"]
[Black "Pein, Jonathan"]
[Result "0-1"]
[Board "140"]
[TimeControl "180+1"]
[WhiteFideId "30955106"]
[BlackFideId "417092"]
[WhiteElo "1959"]
[BlackElo "2130"]
[WhiteTeam "USA"]
[BlackTeam "ENG"]
[WhiteClock "0:00:00"]
[BlackClock "0:00:50"]

1. c3 e5 2. a3 g6 3. d4 exd4 4. Qxd4 Qf6 5. Nf3 Nc6 6. Qe3+ Nge7 7. g3 Bg7 8. Bg2 O-O 9. Nbd2 d6 10. O-O Bf5 11. Ne4 Qe6 12. Neg5 Qd7 13. Nh4 h6 14. Ngf3 Bh3 15. b4 g5 16. Bxh3 Qxh3 17. Ng2 Nd5 18. Qd3 Nf6 19. Be3 Ng4 20. Bd4 Nce5 21. Bxe5 dxe5 22. Ne3 Rae8 23. Qf5 e4 0-1

[Event "December 19 Late 2023"]
[Site "https://www.chess.com"]
[Date "2023.12.19"]
[Round "3"]
[White "Li, Tedric"]
[Black "Navyblue1"]
[Result "1-0"]
[Board "141"]
[TimeControl "180+1"]
[WhiteFideId "3242897"]
[WhiteElo "1833"]
[BlackElo "2116"]
[WhiteTeam "AUS"]
[WhiteClock "0:01:13"]
[BlackClock "0:00:07"]

1. e4 c5 2. Nf3 d6 3. d3 Nc6 4. g3 g6 5. Bg2 Bg7 6. O-O Nf6 7. Re1 O-O 8. h3 Qc7 9. Be3 b5 10. c3 Bb7 11. Nbd2 a5 12. a3 e5 13. Nh2 b4 14. f4 Ba6 15. Qc2 Nd7 16. f5 Nb6 17. g4 f6 18. Nhf1 bxc3 19. bxc3 Ne7 20. Rab1 Rab8 21. Bf2 d5 22. fxg6 hxg6 23. exd5 Nbxd5 24. Bg3 Kh8 25. Ne3 Nxe3 26. Rxe3 Bb7 27. Bxb7 Rxb7 28. Ree1 Rxb1 29. Rxb1 Rb8 30. Kf2 Rxb1 31. Qxb1 Nc6 32. Qb5 Na7 33. Qe8+ Kh7 34. Ne4 Nc8 35. Qe6 Qe7 36. Qa6 Qc7 37. Nxf6+ Bxf6 38. Qxf6 Qe7 39. Bxe5 Qxf6+ 40. Bxf6 Nb6 41. Bd8 Nd5 42. Bxa5 Nf4 43. Ke3 Nxh3 44. Bd8 Ng1 45. a4 Kg8 46. a5 Kf8 47. a6 Ke8 48. a7 1-0

[Event "December 19 Late 2023"]
[Site "https://www.chess.com"]
[Date "2023.12.19"]
[Round "3"]
[White "Lutz, Igor Oscar"]
[Black "Skibbe, Willi"]
[Result "0-1"]
[Board "142"]
[TimeControl "180+1"]
[WhiteFideId "2110806"]
[BlackFideId "4682190"]
[WhiteElo "2087"]
[BlackElo "2369"]
[WhiteTeam "BRA"]
[BlackTeam "GER"]
[WhiteClock "0:00:01"]
[BlackClock "0:01:34"]

1. d4 d5 2. c4 c6 3. Nf3 Nf6 4. g3 dxc4 5. Bg2 b5 6. O-O Bb7 7. Ne5 e6 8. a4 Nd5 9. e3 Nd7 10. Nxd7 Qxd7 11. e4 Nf6 12. e5 Nd5 13. Nc3 Nxc3 14. bxc3 Be7 15. Qg4 Kf8 16. Be3 h5 17. Qe4 a6 18. axb5 axb5 19. Rxa8+ Bxa8 20. Ra1 Qb7 21. Qb1 g6 22. d5 cxd5 23. Ra7 Qc6 24. Qa2 Bb7 25. Qa5 Kg7 26. h4 Ra8 27. Rxa8 Bxa8 28. Qa7 Qb7 29. Qd4 b4 30. cxb4 Qxb4 31. Bd2 Qb1+ 32. Kh2 Bc6 33. Bc3 Qd3 34. Qa7 Qxc3 35. Qxe7 Qxe5 36. Qe8 0-1

[Event "December 19 Late 2023"]
[Site "https://www.chess.com"]
[Date "2023.12.19"]
[Round "3"]
[White "Golubenko, Valentina"]
[Black "Martinez Ramirez, Lennis"]
[Result "0-1"]
[Board "143"]
[TimeControl "180+1"]
[WhiteFideId "4501993"]
[BlackFideId "3509079"]
[WhiteElo "2126"]
[BlackElo "2405"]
[WhiteTeam "CRO"]
[BlackTeam "CUB"]
[WhiteClock "0:00:10"]
[BlackClock "0:00:25"]

1. d4 d5 2. c4 e6 3. Nf3 Nf6 4. e3 c5 5. cxd5 exd5 6. Nc3 Nc6 7. Be2 cxd4 8. Nxd4 Bd6 9. O-O O-O 10. Ncb5 Bb8 11. Nxc6 bxc6 12. Nd4 Qd6 13. f4 c5 14. Nf3 Bc7 15. b3 Re8 16. Ne5 Qb6 17. Bb2 Bf5 18. Rc1 Rad8 19. Qe1 Nd7 20. Nxd7 Rxd7 21. Qg3 f6 22. Bf3 Be4 23. Bg4 Rde7 24. Rfd1 Bd6 25. Bf3 c4 26. Bxf6 Qxe3+ 27. Kh1 Bxf4 28. Qg4 h5 29. Qxh5 Bxf3 30. gxf3 gxf6 31. Rg1+ Bg5 32. Qg6+ Rg7 33. Qh5 Rh7 34. Qg6+ Kh8 35. Rce1 Qxf3+ 36. Rg2 Rxe1# 0-1

[Event "December 19 Late 2023"]
[Site "https://www.chess.com"]
[Date "2023.12.19"]
[Round "3"]
[White "Perske, Thore"]
[Black "Nasybullina, Alfia"]
[Result "1-0"]
[Board "144"]
[TimeControl "180+1"]
[WhiteFideId "12902195"]
[BlackFideId "4132416"]
[WhiteElo "2336"]
[BlackElo "1920"]
[WhiteTeam "GER"]
[BlackTeam "KAZ"]
[WhiteClock "0:01:04"]
[BlackClock "0:01:05"]

1. d4 Nf6 2. g3 c5 3. dxc5 Nc6 4. Bg2 Qa5+ 5. Nc3 Qxc5 6. e4 g6 7. Nge2 Bg7 8. h3 O-O 9. O-O d6 10. Be3 Qb4 11. a3 Qa5 12. Nf4 a6 13. Nfd5 Nxd5 14. Nxd5 Qd8 15. c3 b5 16. a4 Bb7 17. Qe2 bxa4 18. Rxa4 Ne5 19. Rd1 Qd7 20. Nb6 Qc6 21. f4 Nd7 22. Rc4 Qb5 23. Nxa8 Bxa8 24. Kf2 h5 25. Rc7 Qxe2+ 26. Kxe2 Nf6 27. Rxe7 Rb8 28. b4 Bf8 29. Ra7 Nxe4 30. Bxe4 Bxe4 31. Rxa6 Bf5 32. Rda1 Bxh3 33. Ra8 Bg4+ 34. Kf2 Rb7 35. R1a7 Rb5 36. Bd4 Be6 37. Rd8 Bd5 38. Rc7 Be6 39. Ra7 Bd5 40. Ra5 Rxa5 41. bxa5 1-0

[Event "December 19 Late 2023"]
[Site "https://www.chess.com"]
[Date "2023.12.19"]
[Round "3"]
[White "Cattaneo, Marco"]
[Black "Khokhlova, Daria"]
[Result "1-0"]
[Board "145"]
[TimeControl "180+1"]
[WhiteFideId "878332"]
[BlackFideId "24182729"]
[WhiteElo "2186"]
[BlackElo "2032"]
[WhiteTeam "ITA"]
[BlackTeam "FID"]
[WhiteClock "0:00:15"]
[BlackClock "0:00:04"]

1. e4 c5 2. d3 Nc6 3. g3 g6 4. Bg2 Bg7 5. f4 d6 6. Nf3 Bg4 7. h3 Bxf3 8. Qxf3 Nd4 9. Qf2 e6 10. c3 Nc6 11. O-O Nge7 12. Na3 O-O 13. Be3 Rb8 14. Nc2 b5 15. d4 cxd4 16. cxd4 d5 17. e5 Nf5 18. Rfc1 Re8 19. Bf1 Qb6 20. Rd1 Rec8 21. Bc1 Na5 22. g4 Ne7 23. b3 Qc7 24. Bd3 f6 25. Bd2 Nac6 26. Rac1 Qb6 27. Rf1 Rf8 28. Qe3 fxe5 29. fxe5 Rxf1+ 30. Rxf1 Rf8 31. Rxf8+ Bxf8 32. Kg2 a5 33. Be1 Nc8 34. Bh4 a4 35. Bf6 axb3 36. axb3 Na5 37. h4 Qc6 38. b4 Nc4 39. Qe2 N8b6 40. h5 Qe8 41. hxg6 hxg6 42. Qf3 Qf7 43. Qh3 Bg7 44. g5 Nd7 45. Be2 Nf8 46. Bg4 Qd7 47. Ne1 Nd2 48. Nd3 Ne4 49. Nc5 Nxc5 50. bxc5 b4 51. Qb3 Qb5 52. Kf2 Qc4 53. Qxc4 dxc4 54. c6 b3 55. Bd1 b2 56. Bc2 Kf7 57. c7 Bxf6 58. gxf6 Nd7 59. c8=Q Nf8 60. Qxc4 g5 61. Qc7+ 1-0

[Event "December 19 Late 2023"]
[Site "https://www.chess.com"]
[Date "2023.12.19"]
[Round "3"]
[White "Romero Ruscalleda, Josep"]
[Black "Kotlyar, Kirill"]
[Result "0-1"]
[Board "146"]
[TimeControl "180+1"]
[WhiteFideId "2231859"]
[BlackFideId "24145599"]
[WhiteElo "2200"]
[BlackElo "2397"]
[WhiteTeam "ESP"]
[BlackTeam "RUS"]
[WhiteClock "0:01:35"]
[BlackClock "0:02:19"]

1. e4 e5 2. Nf3 Nc6 3. Bc4 Nf6 4. Nc3 Nxe4 5. Bxf7+ Kxf7 6. Nxe4 d5 7. Ng3 Bd6 8. d3 Rf8 9. O-O Kg8 10. Bg5 Qe8 11. Re1 Bg4 12. c4 Qg6 13. cxd5 Nd4 14. Be3 Bxf3 15. gxf3 Nxf3+ 16. Kg2 Nxe1+ 17. Qxe1 Qxd3 18. Rd1 Qg6 19. Qc3 Qf7 20. Kg1 h5 21. Qb3 Qf3 22. Rc1 h4 23. Nf1 h3 0-1

[Event "December 19 Late 2023"]
[Site "https://www.chess.com"]
[Date "2023.12.19"]
[Round "3"]
[White "Tabuenca Mendataurigoitia, Daniel"]
[Black "BenchGM"]
[Result "1-0"]
[Board "147"]
[TimeControl "180+1"]
[WhiteFideId "24563617"]
[WhiteElo "2130"]
[BlackElo "2259"]
[WhiteTeam "ESP"]
[WhiteClock "0:00:11"]
[BlackClock "0:00:00"]

1. Nc3 e6 2. e4 d5 3. Nf3 c5 4. d4 Nc6 5. Bb5 dxe4 6. Nxe4 Qa5+ 7. Nc3 Bd7 8. O-O Rd8 9. Re1 cxd4 10. Nd5 Bd6 11. a4 Nb4 12. Nxb4 Bxb4 13. Re5 Qc7 14. Qxd4 Bxb5 15. Qxb4 Rd1+ 16. Re1 Rxe1+ 17. Nxe1 Bc6 18. Nd3 Nf6 19. Bf4 Qd7 20. Ne5 Qd5 21. Nxc6 Qxc6 22. c4 Nd7 23. Be3 b6 24. a5 bxa5 25. Rxa5 a6 26. b3 f6 27. Qa3 Kf7 28. Rxa6 Qe4 29. h3 Qb1+ 30. Kh2 Ne5 31. Ra7+ Kg6 32. Qe7 Rg8 33. f4 1-0

[Event "December 19 Late 2023"]
[Site "https://www.chess.com"]
[Date "2023.12.19"]
[Round "3"]
[White "Tikhonov, Viacheslav"]
[Black "Igel2023"]
[Result "1-0"]
[Board "148"]
[TimeControl "180+1"]
[WhiteFideId "44196407"]
[WhiteElo "2209"]
[BlackElo "2237"]
[WhiteTeam "RUS"]
[WhiteClock "0:00:10"]
[BlackClock "0:00:12"]

1. e4 Nc6 2. Nc3 Nf6 3. d4 d6 4. d5 Nb8 5. f4 g6 6. Nf3 Bg7 7. Be3 O-O 8. Be2 c6 9. dxc6 Nxc6 10. h3 Nh5 11. Kf2 e5 12. g3 exf4 13. gxf4 Re8 14. Qd3 b6 15. Rad1 Nb4 16. Qd2 Bb7 17. a3 Na6 18. Qxd6 Qxd6 19. Rxd6 Bxc3 20. bxc3 Nc5 21. Bxc5 bxc5 22. Rd7 Bxe4 23. Bc4 Rf8 24. Re1 Bf5 25. Rc7 Bxh3 26. Ree7 Be6 27. Bxe6 fxe6 28. Rxe6 Rxf4 29. Ke3 Raf8 30. Ng5 Ng7 31. Ree7 Nh5 32. Kd2 Nf6 33. Rg7+ Kh8 34. Nxh7 Rd8+ 35. Ke3 Nxh7 36. Rxh7+ Kg8 37. Rcg7+ Kf8 38. Kxf4 Re8 39. Rf7+ Kg8 40. Rfg7+ Kf8 41. Rh8+ Kxg7 42. Rxe8 g5+ 43. Kxg5 Kf7 44. Ra8 Ke7 45. Rxa7+ Ke6 46. Ra4 Kd5 47. c4+ Kd4 48. Kf5 Kc3 49. Ke5 Kxc2 50. Kd5 Kb3 51. Ra8 Ka2 52. Kxc5 1-0

[Event "December 19 Late 2023"]
[Site "https://www.chess.com"]
[Date "2023.12.19"]
[Round "3"]
[White "De Souza, Cristiano Gomes"]
[Black "Hasanagic, Anel"]
[Result "0-1"]
[Board "149"]
[TimeControl "180+1"]
[WhiteFideId "2151758"]
[BlackFideId "14605791"]
[WhiteElo "2068"]
[BlackElo "2209"]
[WhiteTeam "BRA"]
[BlackTeam "SLO"]
[WhiteClock "0:00:01"]
[BlackClock "0:00:19"]

1. d4 f5 2. Nf3 Nf6 3. c4 d6 4. Nc3 g6 5. g3 Bg7 6. Bg2 O-O 7. O-O c6 8. b3 Na6 9. Ba3 h6 10. Qc2 g5 11. Rad1 Bd7 12. Rfe1 Rf7 13. e4 fxe4 14. Nxe4 Nxe4 15. Qxe4 Bf5 16. Qe3 Qd7 17. d5 c5 18. Nd2 Raf8 19. Ne4 Bg4 20. Rd2 Nc7 21. Bb2 Ne8 22. Bxg7 Nxg7 23. Nc3 Nf5 24. Qe6 Nd4 25. Qxd7 Bxd7 26. Ne2 Nf5 27. Bh3 h5 28. Bxf5 Bxf5 29. Nc3 Bg4 30. Ne4 Rg7 31. Re3 Bf3 32. Rdd3 Bg4 33. Nd2 Kf7 34. f3 Bf5 35. Ne4 Kg6 36. Rd2 g4 37. fxg4 Bxg4 38. Nf2 Bf5 39. Rde2 Rff7 40. Nd3 h4 41. Nf4+ Kh7 42. Kf2 Bg4 43. Re1 Kg8 44. Re4 Bf5 45. R4e3 Kf8 46. Kg2 hxg3 47. Rxg3 Ke8 48. Rxg7 Rxg7+ 49. Kf2 Kd7 50. Rg1 Rh7 51. Rg2 a6 52. Ke3 b5 53. Rf2 Rh4 54. a4 bxc4 55. bxc4 e5 56. dxe6+ Bxe6 57. Rb2 Bxc4 58. Rb7+ Kc6 59. Re7 Rxh2 60. Kf3 Rh1 61. Ne6 Bxe6 62. Rxe6 Rh4 0-1

[Event "December 19 Late 2023"]
[Site "https://www.chess.com"]
[Date "2023.12.19"]
[Round "3"]
[White "Urbina Perez, Juan Antonio"]
[Black "Grapsa, Georgia"]
[Result "0-1"]
[Board "150"]
[TimeControl "180+1"]
[WhiteFideId "2217368"]
[BlackFideId "4206436"]
[WhiteElo "2185"]
[BlackElo "1794"]
[WhiteTeam "ESP"]
[BlackTeam "GRE"]
[WhiteClock "0:00:28"]
[BlackClock "0:01:04"]

1. e4 d5 2. exd5 Qxd5 3. Nc3 Qa5 4. d4 Nf6 5. Nf3 c6 6. Bc4 Bf5 7. Ne5 e6 8. g4 Bg6 9. h4 Nbd7 10. Nxd7 Kxd7 11. f3 h5 12. g5 Nd5 13. Bd2 Bb4 14. Nxd5 exd5 15. Be2 Rhe8 16. c3 Bd6 17. Kf2 Qc7 18. Kg2 f6 19. Qf1 Bf4 20. Be1 fxg5 21. Bd3 Bxd3 22. Qxd3 Qd6 23. hxg5 g6 24. Bh4 Re3 25. Qc2 Rae8 26. Rae1 Rxe1 27. Rxe1 Rxe1 28. Bxe1 Bxg5 29. Bg3 Qe6 30. Qd3 h4 31. Be5 Qf5 32. Qe2 Bf4 33. Qe1 Bxe5 34. dxe5 g5 35. Qe3 b6 36. b4 Ke6 37. b5 c5 38. c4 d4 39. Qd2 Qxe5 40. Kh1 Qe3 41. Qg2 Qe1+ 42. Kh2 Qg3+ 0-1

[Event "December 19 Late 2023"]
[Site "https://www.chess.com"]
[Date "2023.12.19"]
[Round "3"]
[White "Kepeshchuk, Mykhaylo"]
[Black "Vila Dupla, Aurelio"]
[Result "1-0"]
[Board "151"]
[TimeControl "180+1"]
[WhiteFideId "14113139"]
[BlackFideId "2203383"]
[WhiteElo "2279"]
[BlackElo "2009"]
[WhiteTeam "UKR"]
[BlackTeam "ESP"]
[WhiteClock "0:00:09"]
[BlackClock "0:00:00"]

1. d4 Nf6 2. c4 g6 3. Nc3 d5 4. cxd5 Nxd5 5. e4 Nxc3 6. bxc3 Bg7 7. Bc4 O-O 8. Ne2 c5 9. Be3 Nc6 10. h4 cxd4 11. cxd4 Qa5+ 12. Kf1 Bg4 13. f3 Bd7 14. h5 Qa3 15. Kf2 Na5 16. Bd3 Rac8 17. hxg6 hxg6 18. Qg1 Qxd3 19. Qh2 f6 20. Qh7+ Kf7 21. Rh6 Bf5 22. exf5 Qxf5 23. g4 Qd3 24. Nf4 Qc2+ 25. Kg3 Rh8 26. Qxg6+ Qxg6 27. Rxg6 e5 28. dxe5 fxe5 29. Rxg7+ Kxg7 30. Nh5+ Kf7 31. Bxa7 Nc4 32. Rb1 Rc7 33. Bf2 Rd8 34. a4 Rd3 35. Rb5 Nd2 36. Rxe5 Rxf3+ 37. Kg2 Rd3 38. Rf5+ Kg6 39. Nf4+ 1-0

[Event "December 19 Late 2023"]
[Site "https://www.chess.com"]
[Date "2023.12.19"]
[Round "3"]
[White "Kovacevic, Radmila"]
[Black "Krzywda, Andrzej"]
[Result "0-1"]
[Board "152"]
[TimeControl "180+1"]
[WhiteFideId "933171"]
[BlackFideId "1114565"]
[WhiteElo "2052"]
[BlackElo "2130"]
[WhiteTeam "SRB"]
[BlackTeam "POL"]
[WhiteClock "0:00:00"]
[BlackClock "0:00:32"]

1. e4 e5 2. d4 exd4 3. Qxd4 Nc6 4. Qe3 g6 5. h4 h5 6. Qc3 Qf6 7. Bg5 Qg7 8. Nf3 d6 9. Bb5 Bd7 10. O-O Nge7 11. e5 dxe5 12. Bxc6 Nxc6 13. a3 Bd6 14. Qd2 f6 15. Be3 Ne7 16. c4 Nf5 17. c5 Nxe3 18. Qxe3 Be7 19. Nc3 Bc6 20. b4 a6 21. Rfd1 O-O 22. Rd2 Rad8 23. Rad1 Rxd2 24. Rxd2 Rd8 25. Rxd8+ Bxd8 26. Qd3 Be7 27. Qc4+ Qf7 28. Qxf7+ Kxf7 29. Nd2 f5 30. g3 Ke6 31. Kf1 a5 32. Ke2 axb4 33. axb4 e4 34. Ke3 Bf8 35. f4 Bg7 36. Ndb1 b6 37. b5 Be8 38. cxb6 cxb6 39. Ne2 Bxb5 40. Nd4+ Bxd4+ 41. Kxd4 Kd6 42. Nd2 Ba6 43. Nb3 Bf1 44. Nd2 Bd3 45. Nb3 Kc6 46. Nd2 Kb5 47. Ke5 Kb4 48. Kd4 b5 49. g4 hxg4 50. Ke3 Kc3 51. h5 gxh5 0-1

[Event "December 19 Late 2023"]
[Site "https://www.chess.com"]
[Date "2023.12.19"]
[Round "3"]
[White "Porat, Tori"]
[Black "Azali, Tannaz"]
[Result "0-1"]
[Board "153"]
[TimeControl "180+1"]
[WhiteFideId "30982626"]
[BlackFideId "12537721"]
[WhiteElo "1693"]
[BlackElo "1828"]
[WhiteTeam "USA"]
[BlackTeam "IRI"]
[WhiteClock "0:00:19"]
[BlackClock "0:01:14"]

1. d4 Nf6 2. c4 e6 3. Nf3 Bb4+ 4. Nc3 O-O 5. Bg5 h6 6. Bh4 d5 7. e3 Nbd7 8. Bd3 c6 9. O-O a5 10. e4 Bxc3 11. bxc3 dxe4 12. Bxe4 g5 13. Bxg5 hxg5 14. Nxg5 Nxe4 15. Nxe4 Qh4 16. Qf3 f5 17. Nd6 Nf6 18. c5 Ne4 19. g3 Qf6 20. Nxe4 fxe4 21. Qxe4 Bd7 22. f4 Qf5 23. Qf3 Rf7 24. Rae1 Rg7 25. Re5 Qg4 26. Qg2 Rf8 27. c4 Rf5 28. Rxf5 Qxf5 29. Re1 Qd3 30. d5 cxd5 31. cxd5 Qxd5 32. Qf2 Bc6 33. Kf1 Rd7 34. Re5 Qh1+ 35. Ke2 Qd1+ 36. Ke3 Qd3# 0-1

[Event "December 19 Late 2023"]
[Site "https://www.chess.com"]
[Date "2023.12.19"]
[Round "3"]
[White "Thorhallsson, Simon"]
[Black "Clarke, Matthew"]
[Result "1-0"]
[Board "154"]
[TimeControl "180+1"]
[WhiteFideId "2310090"]
[BlackFideId "3227804"]
[WhiteElo "2123"]
[BlackElo "2026"]
[WhiteTeam "ISL"]
[BlackTeam "AUS"]
[WhiteClock "0:01:19"]
[BlackClock "0:00:10"]

1. e4 e5 2. Nf3 Nc6 3. Bc4 Bc5 4. c3 Nf6 5. d3 d6 6. a4 a5 7. O-O O-O 8. h3 Be6 9. Bxe6 fxe6 10. d4 Ba7 11. dxe5 Nxe4 12. exd6 cxd6 13. Qe2 d5 14. Be3 Bb8 15. Nbd2 Nxd2 16. Nxd2 e5 17. Rad1 Qf6 18. Qb5 Qf7 19. Nf3 Rd8 20. Bb6 Rd7 21. Ng5 Qf5 22. Rxd5 1-0

[Event "December 19 Late 2023"]
[Site "https://www.chess.com"]
[Date "2023.12.19"]
[Round "3"]
[White "Pert, Nina"]
[Black "Argandona Riveiro, Inigo"]
[Result "1/2-1/2"]
[Board "155"]
[TimeControl "180+1"]
[WhiteFideId "456853"]
[BlackFideId "2212072"]
[WhiteElo "1726"]
[BlackElo "2391"]
[WhiteTeam "ENG"]
[BlackTeam "ESP"]
[WhiteClock "0:00:07"]
[BlackClock "0:00:04"]

1. e4 d6 2. d4 Nf6 3. Nc3 e5 4. Nf3 exd4 5. Nxd4 Ke7 6. Bg5 Ke8 7. Qd2 Be7 8. O-O-O c6 9. Kb1 h6 10. Bh4 Kf8 11. f4 Bg4 12. Be2 Bxe2 13. Ndxe2 Nbd7 14. h3 Qa5 15. g4 Re8 16. Nd4 Nc5 17. e5 dxe5 18. fxe5 Nd5 19. Bxe7+ Rxe7 20. Nf5 Nxc3+ 21. bxc3 Na4 22. Qd8+ Qxd8 23. Rxd8+ Re8 24. Rxe8+ Kxe8 25. Nxg7+ Ke7 26. Nf5+ Ke6 27. Re1 Nxc3+ 28. Kb2 Na4+ 29. Kb3 Nc5+ 30. Kc4 Nd7 31. Nd4+ Ke7 32. e6 Nb6+ 33. Kd3 Rd8 34. exf7+ Kxf7 35. Ke3 Re8+ 36. Kf2 Rxe1 37. Kxe1 Kf6 38. Ke2 Ke5 39. Nf5 h5 40. Kf3 hxg4+ 41. Kxg4 Nd5 42. h4 Nf6+ 43. Kg5 Ne4+ 44. Kg4 Nf6+ 45. Kg5 Nh7+ 46. Kg6 Nf8+ 47. Kg5 Ne6+ 48. Kg6 Nf4+ 49. Kg5 Ne6+ 50. Kg6 Nf4+ 51. Kg5 Ne6+ 1/2-1/2

[Event "December 19 Late 2023"]
[Site "https://www.chess.com"]
[Date "2023.12.19"]
[Round "3"]
[White "Palmer, Reegan"]
[Black "GirthyHuell"]
[Result "1-0"]
[Board "156"]
[TimeControl "180+1"]
[WhiteFideId "14322145"]
[WhiteElo "1814"]
[BlackElo "2416"]
[WhiteTeam "RSA"]
[WhiteClock "0:01:21"]
[BlackClock "0:01:24"]

1. e4 c5 2. Nf3 e6 3. Qe2 a6 4. g3 Nc6 5. Bg2 Qc7 6. c3 Nf6 7. O-O b5 8. d4 cxd4 9. cxd4 Bb7 10. Nc3 Be7 11. Bf4 Qd8 12. d5 Nb8 13. d6 Bf8 14. e5 Nh5 15. Bg5 f6 16. Nh4 Bxg2 17. Qxh5+ g6 18. Nxg6 hxg6 19. Qxg6# 1-0

[Event "December 19 Late 2023"]
[Site "https://www.chess.com"]
[Date "2023.12.19"]
[Round "3"]
[White "Akhayan, Ruben"]
[Black "Guevara Sanchez, Erick Marvin"]
[Result "1-0"]
[Board "157"]
[TimeControl "180+1"]
[WhiteFideId "204439"]
[BlackFideId "6700136"]
[WhiteElo "2141"]
[BlackElo "2040"]
[WhiteTeam "BEL"]
[BlackTeam "ESA"]
[WhiteClock "0:01:21"]
[BlackClock "0:01:04"]

1. e4 c5 2. Nf3 d6 3. d4 cxd4 4. Nxd4 Nf6 5. Nc3 a6 6. Bc4 e6 7. Bb3 Nbd7 8. O-O Nc5 9. f4 Be7 10. e5 dxe5 11. fxe5 Nd5 12. Qh5 O-O 13. Rf3 Nxb3 14. axb3 Qb6 15. Rh3 Qxd4+ 16. Be3 Qxe3+ 17. Rxe3 Nxe3 18. Ne4 Bd7 19. Re1 Nf5 20. g4 Nd4 21. g5 Bc6 22. Nf6+ Bxf6 23. gxf6 Nf3+ 24. Kf2 Nxe1 25. Qg5 g6 26. Qh6 Kh8 27. Qg7# 1-0

[Event "December 19 Late 2023"]
[Site "https://www.chess.com"]
[Date "2023.12.19"]
[Round "3"]
[White "Kubatko, Ivan"]
[Black "Travadon, Loic"]
[Result "0-1"]
[Board "158"]
[TimeControl "180+1"]
[WhiteFideId "24111473"]
[BlackFideId "26092131"]
[WhiteElo "2285"]
[BlackElo "2406"]
[WhiteTeam "RUS"]
[BlackTeam "FRA"]
[WhiteClock "0:00:00"]
[BlackClock "0:00:22"]

1. e4 e5 2. Nf3 Nc6 3. Nc3 Nf6 4. g3 d5 5. exd5 Nxd5 6. Bg2 Bg4 7. h3 Be6 8. d3 Bc5 9. O-O f6 10. Bd2 Qd7 11. Kh2 h5 12. Nxd5 Bxd5 13. b4 Bb6 14. c4 Bxf3 15. Qxf3 Bd4 16. Rad1 h4 17. g4 O-O 18. b5 Nd8 19. Qd5+ Qxd5 20. Bxd5+ Kh8 21. Be3 c6 22. Be4 c5 23. Bxd4 exd4 24. f4 Rb8 25. Bd5 b6 26. Rde1 Nb7 27. Re7 Nd6 28. Rxa7 Rfe8 29. Rf2 Re3 30. Rd7 Ne8 31. Be4 Kg8 32. g5 Kf8 33. Rg2 Rc8 34. gxf6 Nxf6 35. Rdxg7 Rg3 36. R7xg3 hxg3+ 37. Kxg3 Nxe4+ 38. dxe4 Ra8 39. Kg4 Ra3 40. Kf5 Rc3 41. e5 Rxc4 42. Ke6 d3 43. f5 Rc2 44. Rg1 d2 45. Rd1 c4 46. f6 c3 47. Kf5 Rc1 0-1